 Dungeon Crawl Stone Soup version 0.27-a0-1065-ge809cff456 (webtiles) character file.

Game seed: 7729749493072408188

92 kae the Ruffian (level 4, -5/36 HPs)
             Began as a Draconian Transmuter on Apr 22, 2021.
             Slain by a bullfrog (8 damage)
             ... on level 3 of the Dungeon.
             The game lasted 00:02:18 (3075 turns).

kae the Ruffian (Draconian Transmuter)              Turns: 3075, Time: 00:02:19

Health: -5/36      AC:  2    Str: 13    XL:     4   Next: 35%
Magic:  2/7        EV: 19    Int: 14    God:
Gold:   77         SH:  0    Dex: 16    Spells: 3/7 levels left

rFire    . . .     SeeInvis .     - Unarmed
rCold    . . .     Faith    .   (shield currently unavailable)
rNeg     . . .     Spirit   .   (armour unavailable)
rPois    x         Reflect  .   (helmet currently unavailable)
rElec    .         Harm     .   (cloak currently unavailable)
rCorr    .         Rampage  .   (gloves currently unavailable)
Will     .....                  (boots currently unavailable)
Stlth    +.........             (no amulet)
HPRegen  0.12/turn              (no ring)
MPRegen  0.10/turn              (no ring)

@: spider-form
A: venomous fangs, AC +5, tiny, unfitting armour, (cold-blooded)
a: End Transformation


You were on level 3 of the Dungeon.
You were a venomous arachnid creature.
You visited 1 branch of the dungeon, and saw 3 of its levels.

You collected 77 gold pieces.

Inventory:

Wands
 a - a wand of charming (6)
Scrolls
 d - a scroll of enchant armour {unknown}
 e - a scroll of fog {unknown}
Potions
 b - a potion of mutation
 c - a potion of curing {unknown}


   Skills:
 + Level 1.7 Fighting
 + Level 2.1 Dodging
 * Level 3.8 Unarmed Combat
 + Level 2.3 Spellcasting
 * Level 2.9 Transmutations
 * Level 1.0 Poison Magic


You had 3 spell levels left.
You knew the following spells:

 Your Spells              Type           Power      Damage    Failure   Level
a - Beastly Appendage     Tmut           18%        N/A       19%         1
b - Spider Form           Tmut/Pois      3%         N/A       52%         3

Your spell library contained the following spells:

 Spells                   Type           Power      Damage    Failure   Level
 Wereblood                Tmut           9%         N/A       26%         2
 Animate Skeleton         Necr           2%         N/A       43%         1
 Apportation              Tloc           2%         N/A       43%         1
 Corona                   Hex            1%         N/A       43%         1
 Summon Small Mammal      Summ           4%         N/A       43%         1
 Ice Form                 Ice/Tmut       5%         N/A       90%         4
 Hydra Form               Tmut           4%         N/A       96%         5


Dungeon Overview and Level Annotations

Branches:
Dungeon (3/15)

Altars:

Shops:
D:1 (


Innate Abilities, Weirdness & Mutations

You are a venomous arachnid creature.
You have poisonous fangs.
You are tiny and dextrous.
Your spellcasting is less reliable in this form.
Your armour is entirely melded.
You are incapable of wielding weapons or throwing items.
((Your plain brown scales are hard. (AC +5)))
You cannot fit into any form of body armour.
((You are cold-blooded and may be slowed by cold attacks.))


Message History

The bullfrog hits you but does no damage.
You closely miss the bullfrog.
The bullfrog is moderately wounded.
The bullfrog hits you but does no damage.
You hit the bullfrog.
The bullfrog is moderately wounded.
The bullfrog hits you but does no damage.
The bullfrog hits you.
You barely miss the bullfrog.
Your tail-slap misses the bullfrog.
The bullfrog is moderately wounded.
The bullfrog hits you!
Your magical contamination has completely faded away.
You are too injured to fight recklessly!
You are too injured to fight recklessly!
You are too injured to fight recklessly!
You are too injured to fight recklessly!
You are too injured to fight recklessly!
Casting: Spider Form (quite dangerous; 30% risk of failure)
Confirm with . or Enter, or press ? or * to list all spells.
The spell is quite dangerous to cast (30% risk of failure)!
Continue anyway? [Y]es or [N]o only, please.
The spell is quite dangerous to cast (30% risk of failure)!
Continue anyway?
You turn into a venomous arachnid creature.
The bullfrog completely misses you. The bullfrog hits you.
You hit the bullfrog but do no damage.
The bullfrog is moderately wounded.
The bullfrog hits you.
* * * LOW HITPOINT WARNING * * *
You hit the bullfrog.
The bullfrog is poisoned.
The bullfrog is heavily wounded.
The bullfrog closely misses you. x2
You hit the bullfrog but do no damage.
The bullfrog looks as sick as possible!
The bullfrog is heavily wounded.
The bullfrog hits you.
* * * LOW HITPOINT WARNING * * *
The bullfrog misses you.
You barely miss the bullfrog.
The bullfrog is severely wounded.
The bullfrog hits you!
You die...

#....#
.....#########
.....#.......#
.....#.#####.#
####.#.#...#.# #
#.#.#.#.#.##### #
#.............#
######.#.#.#.###.#
.......#.#.#.# #s#
.........#.#.###F#
####.......#.#...#
#.........#.#.###
##.#.#####.#.#.
......# .#.#.
......# # #.
......# #.
...†..####. #.


You could see a bullfrog (extremely poisoned).

Vanquished Creatures
  An orc priest (D:3)
  An adder (D:2)
  A worm (D:2)
  2 orcs (D:3)
  4 ball pythons
  6 bats
  3 endoplasms
  2 giant cockroaches
  6 goblins
  6 hobgoblins
  2 quokkas
  4 frilled lizards
  4 kobolds
  5 rats
47 creatures vanquished.

Notes
Turn   | Place    | Note
-------+----------+-------------------------------------------
     0 | D:1      | kae the Draconian Transmuter began the quest for the Orb.
     0 | D:1      | Reached XP level 1. HP: 16/16 MP: 3/3
    25 | D:1      | Found Rithroef's Antique Weapon Emporium.
   203 | D:1      | Reached XP level 2. HP: 13/23 MP: 5/5
   372 | D:1      | Found a faded altar of an unknown god.
  1260 | D:1      | Reached XP level 3. HP: 18/28 MP: 6/6
  1264 | D:1      | Learned a level 3 spell: Spider Form
  2648 | D:3      | Reached XP level 4. HP: 36/36 MP: 0/7
  2985 | D:3      | Reached skill level 1 in Poison Magic
  3060 | D:3      | Noticed a bullfrog
  3075 | D:3      | Slain by a bullfrog

Illustrated notes

Levels and vault maps discovered:
D:1:      moated_graveyard_arrival, layout_basic,
          hellmonk_ecumenical_altar_crossroads, serial_shops, shop_statue,
          minmay_hedge_maze
D:2:      layout_basic
D:3:      layout_basic

Skill      XL: |  1  2  3  4 |
---------------+-------------+-----
Dodging        | 2 |  2.1
Poison Magic   | 1 |  1.0
Fighting       | |  1.7
Unarmed Combat | |  3.8
Spellcasting   | |  2.3
Transmutations | |  2.9

Action                   |  1- 3 |  4- 6 || total
-------------------------+-------+-------++-------
Melee: Unarmed           |   121 |    32 ||   153
       Tailslap          |     9 |     4 ||    13
       Kick              |     9 |     1 ||    10
       Headbutt          |     7 |     2 ||     9
       Punch             |       |     1 ||     1
 Cast: Beastly Appendage |    26 |     2 ||    28
       Spider Form       |     4 |     2 ||     6
  Use: Scroll            |     4 |       ||     4
Armor: Skin              |    42 |     8 ||    50
Dodge: Dodged            |    81 |    32 ||   113

Table legend: (Time is in decaauts)
 A = Elapsed time spent in this place.
 B = Non-inter-level travel time spent in this place.
 C = Inter-level travel time spent in this place.
 D = Time resting spent in this place.
 E = Time spent auto-exploring this place.
 F = Levels seen in this place.
 G = Mean time per level.
                   A        B        C        D        E       F      G
               +--------+--------+--------+--------+--------+-----+--------+
         Total |   3067 |   3001 |     66 |    178 |   2395 |   3 | 1022.3 |
       Dungeon |   3067 |   3001 |     66 |    178 |   2395 |   3 | 1022.3 |
               +--------+--------+--------+--------+--------+-----+--------+

Top non-repeatable levels by time:
     D:1: 1665 daAuts
     D:2: 816 daAuts
     D:3: 586 daAuts
